 Dungeon Crawl Stone Soup version 0.21.1-1-g345015f (webtiles) character file.

359 tidbits the Grave Robber (level 6, 44/44 HPs)
             Began as a Gnoll Necromancer on June 29, 2018.
             Quit the game on level 7 of the Dungeon.
             The game lasted 00:07:11 (759 turns).

tidbits the Grave Robber (Gnoll Necromancer)         Turns: 759, Time: 00:07:12

Health: 44/44      AC:  3    Str:  9 (10) XL:     6   Next: 65%
Magic:  14/14      EV: 13    Int: 18 (20) God:
Gold:   152        SH:  0    Dex: 12 (15) Spells: 7/15 levels left

rFire    . . .     SeeInvis .   a - +0 dagger
rCold    . . .     Gourm    .   (no shield)
rNeg     . . .     Faith    .   B - +0 leather armour (curse)
rPois    .         Spirit   .   (no helmet)
rElec    .         Reflect  .   (no cloak)
rCorr    .         Harm     .   (no gloves)
MR       .....                  (no boots)
Stlth    ++........             n - amulet of regeneration
HPRegen  0.54/turn              (no ring)
MPRegen  0.14/turn              (no ring)

@: no status effects
A: distributed training, fangs 1, strong nose
a: no special abilities


You were on level 7 of the Dungeon.
You were not hungry.

You visited 2 branches of the dungeon, and saw 8 of its levels.

You collected 152 gold pieces.

Inventory:

Hand Weapons
 a - a +0 dagger (weapon)
 f - a +0 club
 l - a +0 mace
Missiles
 d - 44 arrows
 h - a throwing net (quivered) {!f}
Armour
 i - a +0 shield
 j - a +0 robe
 B - a cursed +0 leather armour (worn)
Jewellery
 n - an amulet of regeneration (around neck)
   (You found it on level 4 of the Dungeon)
Scrolls
 g - a scroll of amnesia
 p - a scroll of enchant armour
Books
 b - a book of Necromancy

   Spells                             Type                      Level
   a - Pain                           Necromancy                   1
   b - Animate Skeleton               Necromancy                   1
   c - Vampiric Draining              Necromancy                   3
   d - Regeneration                   Charms/Necromancy            3
   e - Animate Dead                   Necromancy                   4
   f - Borgnjor's Vile Clutch         Necromancy/Earth             5
Comestibles
 c - 2 rations


   Skills:
 + Level 2.0 Fighting
 + Level 2.0 Short Blades
 + Level 2.0 Long Blades
 + Level 2.0 Axes
 + Level 2.0 Maces & Flails
 + Level 2.0 Polearms
 + Level 2.0 Staves
 + Level 2.0 Slings
 + Level 2.0 Bows
 + Level 2.0 Crossbows
 + Level 2.0 Throwing
 + Level 2.0 Armour
 + Level 5.0 Dodging
 + Level 4.6 Stealth
 + Level 2.0 Shields
 + Level 2.0 Unarmed Combat
 + Level 5.4 Spellcasting
 + Level 1.6 Conjurations
 + Level 1.6 Hexes
 + Level 1.6 Charms
 + Level 1.6 Summonings
 + Level 7.3 Necromancy
 + Level 1.6 Translocations
 + Level 1.6 Transmutations
 + Level 1.6 Fire Magic
 + Level 1.6 Ice Magic
 + Level 1.6 Air Magic
 + Level 1.6 Earth Magic
 + Level 1.6 Poison Magic
 + Level 2.2 Invocations
 + Level 2.0 Evocations


You had 7 spell levels left.
You knew the following spells:

 Your Spells              Type           Power        Failure   Level  Hunger
a - Pain                  Necr           ####         1%          1    None
d - Vampiric Draining     Necr           ####......   2%          3    ##.....
n - Animate Skeleton      Necr           N/A          1%          1    None
r - Regeneration          Chrm/Necr      ###.......   9%          3    ##.....


Dungeon Overview and Level Annotations

Branches:
Dungeon (7/15)             Temple (1/1) D:5

Altars:
Dithmenos
Elyvilon
Fedhas
Gozag
Makhleb
Okawaru
Ru
Uskayaw
Vehumet
Xom
Yredelemnul
The Shining One


Innate Abilities, Weirdness & Mutations

Your experience applies equally to all skills.
You have very sharp teeth.
Your uncanny sense of smell can sniff out nearby items.


Message History

Your skin is crawling a little less now.
Casting: Regeneration
Confirm with . or Enter, or press ? or * to list all spells.
Your skin crawls.
You feel sick.
Unknown command.
There is a stone staircase leading down here.
You climb downwards.
There is a stone staircase leading up here.
Unknown command.
You feel sick.
You are no longer poisoned.
All of the chunks of flesh in your inventory have rotted away.
Found 14 gold pieces.
A bullfrog comes into view.
Casting: Regeneration
Confirm with . or Enter, or press ? or * to list all spells.
Aiming: Pain
Press: ? - help, Shift-Dir - straight line, f - bullfrog
Aim: a bullfrog (resting, chance to defeat MR: 84%)
The bullfrog croaks.
The bullfrog writhes in agony!
Casting: Pain
Confirm with . or Enter, or press ? or * to list all spells.
Aiming: Pain
Press: ? - help, Shift-Dir - straight line, f/p - bullfrog
Aim: a bullfrog (heavily wounded, chance to defeat MR: 84%)
The bullfrog writhes in agony!
Casting: Pain
Confirm with . or Enter, or press ? or * to list all spells.
Aiming: Pain
Press: ? - help, Shift-Dir - straight line, f/p - bullfrog
Aim: a bullfrog (severely wounded, chance to defeat MR: 84%)
The bullfrog writhes in agony!
You kill the bullfrog!
Your Fighting skill increases to level 2!
Your Short Blades skill increases to level 2!
Your Long Blades skill increases to level 2!
Your Axes skill increases to level 2!
Your Maces & Flails skill increases to level 2!
Your Polearms skill increases to level 2!
Your Staves skill increases to level 2!
Your Slings skill increases to level 2!
Your Bows skill increases to level 2!
Your Crossbows skill increases to level 2!
Your Throwing skill increases to level 2!
Your Armour skill increases to level 2!
Your Dodging skill increases to level 5!
Your Shields skill increases to level 2!
Your Unarmed Combat skill increases to level 2!
Your Evocations skill increases to level 2!
Your skin is crawling a little less now.
You see here 14 gold pieces.
You now have 134 gold pieces (gained 14).
Your skin stops crawling.
Found 18 gold pieces.
You see here 18 gold pieces.
You now have 152 gold pieces (gained 18).
Your magical contamination has completely faded away.
A hound skeleton comes into view.
Found 25 stones.
The hound skeleton bites you.
You hit the hound skeleton but do no damage.
The hound skeleton barely misses you.
You hit the hound skeleton.
The hound skeleton is lightly damaged.
The hound skeleton completely misses you.
You hit the hound skeleton. Your bite misses the hound skeleton.
The hound skeleton is lightly damaged.
The hound skeleton bites you.
The hound skeleton bites you but does no damage.
You hit the hound skeleton.
The hound skeleton is moderately damaged.
The hound skeleton closely misses you.
You hit the hound skeleton. You bite the hound skeleton.
The hound skeleton is heavily damaged.
The hound skeleton barely misses you.
You hit the hound skeleton.
The hound skeleton is heavily damaged.
The hound skeleton misses you.
You completely miss the hound skeleton.
The hound skeleton is heavily damaged.
The hound skeleton closely misses you.
You hit the hound skeleton but do no damage.
The hound skeleton is heavily damaged.
The hound skeleton bites you.
You hit the hound skeleton but do no damage.
You bite the hound skeleton, but do no damage.
The hound skeleton is heavily damaged.
The hound skeleton closely misses you.
You hit the hound skeleton but do no damage.
Your bite misses the hound skeleton.
The hound skeleton is heavily damaged.
The hound skeleton bites you but does no damage.
The hound skeleton barely misses you.
You barely miss the hound skeleton.
The hound skeleton is heavily damaged.
The hound skeleton bites you but does no damage.
You hit the hound skeleton but do no damage.
The hound skeleton is heavily damaged.
The hound skeleton closely misses you.
Are you sure you want to abandon this character and quit the game? (Confirm with "yes".)

#.# #.......##.##....#
####.###.............##.#
#.......######.##.##.# .#
#.#####.# #.##.##.# .# #
#.## #.##..... .#
#..#####.#####.####
#....(..... ..#
#####...##.#... ..#
.......@# ###
######..Z..# ##.#### #.#
#.. ###


You could see a hound skeleton.

Vanquished Creatures
  A wyvern (D:4)
  A bullfrog (D:7)
  A hound (D:4)
  An iguana (D:4)
  A worker ant (D:4)
  An adder (D:4)
  An ooze (D:1)
  2 dart slugs (D:1)
  2 leopard geckos
  2 giant cockroaches (D:1)
  2 goblins (D:1)
  2 hobgoblins
  A ball python (D:4)
  3 bats
  4 frilled lizards
  2 rats
27 creatures vanquished.

Vanquished Creatures (collateral kills)
  A phantom (D:4)
  An adder skeleton (D:4)
  A ball python (D:4)
3 creatures vanquished.

Grand Total: 30 creatures vanquished

Notes
Turn   | Place    | Note
-------+----------+-------------------------------------------
     0 | D:1      | tidbits the Gnoll Necromancer began the quest for the Orb.
     0 | D:1      | Reached XP level 1. HP: 13/13 MP: 6/6
    58 | D:1      | Reached XP level 2. HP: 15/19 MP: 3/7
    61 | D:1      | Learned a level 1 spell: Animate Skeleton
   243 | D:1      | Reached XP level 3. HP: 11/25 MP: 3/9
   248 | D:1      | Learned a level 3 spell: Regeneration
   253 | D:1      | Learned a level 3 spell: Vampiric Draining
   344 | D:3      | Reached skill level 5 in Spellcasting
   366 | D:4      | Noticed a wyvern
   370 | D:4      | Killed a wyvern
   370 | D:4      | Reached skill level 1 in Fighting
   370 | D:4      | Reached skill level 1 in Short Blades
   370 | D:4      | Reached skill level 1 in Long Blades
   370 | D:4      | Reached skill level 1 in Axes
   370 | D:4      | Reached skill level 1 in Maces & Flails
   370 | D:4      | Reached skill level 1 in Polearms
   370 | D:4      | Reached skill level 1 in Staves
   370 | D:4      | Reached skill level 1 in Slings
   370 | D:4      | Reached skill level 1 in Bows
   370 | D:4      | Reached skill level 1 in Crossbows
   370 | D:4      | Reached skill level 1 in Throwing
   370 | D:4      | Reached skill level 1 in Armour
   370 | D:4      | Reached skill level 1 in Shields
   370 | D:4      | Reached skill level 1 in Unarmed Combat
   370 | D:4      | Reached skill level 1 in Conjurations
   370 | D:4      | Reached skill level 1 in Hexes
   370 | D:4      | Reached skill level 1 in Charms
   370 | D:4      | Reached skill level 1 in Summonings
   370 | D:4      | Reached skill level 1 in Translocations
   370 | D:4      | Reached skill level 1 in Transmutations
   370 | D:4      | Reached skill level 1 in Fire Magic
   370 | D:4      | Reached skill level 1 in Ice Magic
   370 | D:4      | Reached skill level 1 in Air Magic
   370 | D:4      | Reached skill level 1 in Earth Magic
   370 | D:4      | Reached skill level 1 in Poison Magic
   370 | D:4      | Reached skill level 1 in Invocations
   370 | D:4      | Reached skill level 1 in Evocations
   370 | D:4      | Reached XP level 4. HP: 6/32 MP: 9/11
   370 | D:4      | Reached XP level 5. HP: 7/37 MP: 9/12
   375 | D:4      | Found a shadowy altar of Dithmenos.
   386 | D:4      | Noticed a phantom
   450 | D:4      | Killed a phantom
   450 | D:4      | Reached skill level 2 in Invocations
   450 | D:4      | Reached XP level 6. HP: 25/44 MP: 6/13
   554 | D:5      | Entered Level 5 of the Dungeon
   554 | D:5      | Found a staircase to the Ecumenical Temple.
   554 | D:5      | Noticed a water moccasin
   558 | Temple   | Entered the Ecumenical Temple
   641 | D:5      | Noticed an ice beast
   643 | D:5      | Found a radiant altar of Vehumet.
   690 | D:7      | Reached skill level 2 in Fighting
   690 | D:7      | Reached skill level 2 in Short Blades
   690 | D:7      | Reached skill level 2 in Long Blades
   690 | D:7      | Reached skill level 2 in Axes
   690 | D:7      | Reached skill level 2 in Maces & Flails
   690 | D:7      | Reached skill level 2 in Polearms
   690 | D:7      | Reached skill level 2 in Staves
   690 | D:7      | Reached skill level 2 in Slings
   690 | D:7      | Reached skill level 2 in Bows
   690 | D:7      | Reached skill level 2 in Crossbows
   690 | D:7      | Reached skill level 2 in Throwing
   690 | D:7      | Reached skill level 2 in Armour
   690 | D:7      | Reached skill level 5 in Dodging
   690 | D:7      | Reached skill level 2 in Shields
   690 | D:7      | Reached skill level 2 in Unarmed Combat
   690 | D:7      | Reached skill level 2 in Evocations
   759 | D:7      | Quit the game

Skill      XL: |  1  2  3  4  5  6 |
---------------+-------------------+-----
Spellcasting   | 5 |  5.4
Fighting       | 1 2 |  2.0
Short Blades   | 1 2 |  2.0
Long Blades    | 1 2 |  2.0
Axes           | 1 2 |  2.0
Maces & Flails | 1 2 |  2.0
Polearms       | 1 2 |  2.0
Staves         | 1 2 |  2.0
Slings         | 1 2 |  2.0
Bows           | 1 2 |  2.0
Crossbows      | 1 2 |  2.0
Throwing       | 1 2 |  2.0
Armour         | 1 2 |  2.0
Shields        | 1 2 |  2.0
Unarmed Combat | 1 2 |  2.0
Conjurations   | 1 |  1.6
Hexes          | 1 |  1.6
Charms         | 1 |  1.6
Summonings     | 1 |  1.6
Translocations | 1 |  1.6
Transmutations | 1 |  1.6
Fire Magic     | 1 |  1.6
Ice Magic      | 1 |  1.6
Air Magic      | 1 |  1.6
Earth Magic    | 1 |  1.6
Poison Magic   | 1 |  1.6
Invocations    | 1 2 |  2.2
Evocations     | 1 2 |  2.0
Dodging        | 5 |  5.0
Stealth        | |  4.6
Necromancy     | |  7.3

Action                   |  1- 3 |  4- 6 || total
-------------------------+-------+-------++-------
Melee: Unarmed           |     2 |       ||     2
       Dagger            |     6 |    19 ||    25
       Bite              |       |     3 ||     3
Throw: Throwing net      |     1 |       ||     1
 Cast: Pain              |    26 |    11 ||    37
       Regeneration      |     1 |     2 ||     3
       Animate Skeleton  |       |     3 ||     3
       Vampiric Draining |       |     3 ||     3
  Use: Scroll            |       |     4 ||     4
       Potion            |       |     1 ||     1
 Stab: Sleeping          |     5 |       ||     5
       Distracted        |     1 |       ||     1
       Held in net/web   |     1 |       ||     1
Armor: Leather armour    |       |     5 ||     5
Dodge: Dodged            |     2 |    24 ||    26

Table legend:
 A = Turns spent in this place as a percentage of turns spent in the entire game.
 B = Non-inter-level travel turns spent in this place as a percentage of non-inter-level travel turns spent in the entire game.
 C = Inter-level travel turns spent in this place as a percentage of turns spent in this place.
 D = Turns resting spent in this place as a percentage of non-inter-level travel turns spent in this place.
 E = Turns spent auto-exploring this place as a percentage of non-inter-level travel turns spent in this place.
 F = Non-inter-level travel turns spent in this place divided by the number of levels of this place that you've seen.
                   A       B       C       D       E      F
               +-------+-------+-------+-------+-------+----------------------
         Total | 100.0 | 100.0 |   8.6 |   0.0 |   0.0 |  86.8
       Dungeon |  89.2 |  93.7 |   4.0 |   0.0 |   0.0 |  92.9
        Temple |  10.8 |   6.3 |  46.3 |   0.0 |   0.0 |  44.0
               +-------+-------+-------+-------+-------+----------------------

Table legend:
 A = Kills in this place as a percentage of kills in entire the game.
 B = Kills by you in this place as a percentage of kills by you in the entire game.
 C = Kills by friends in this place as a percentage of kills by friends in the entire game.
 D = Other kills in this place as a percentage of other kills in the entire game.
 E = Experience gained in this place as a percentage of experience gained in the entire game.
 F = Experience gained in this place divided by the number of levels of this place that you have seen.
                   A       B       C       D       E      F
               +-------+-------+-------+-------+-------+----------------------
         Total | 100.0 | 100.0 | 100.0 |   N/A | 100.0 |  64.1
       Dungeon | 100.0 | 100.0 | 100.0 |   N/A | 100.0 |  73.3
               +-------+-------+-------+-------+-------+----------------------

Vault maps used:
D:1:      lightli_arrival_lavapool, minmay_misc_feat_encased
D:2:      lemuel_crystal_altar, lemuel_coloured_pillars_altar,
          evilmike_ruin_ashenzari, gammafunk_temple_overflow_wave
D:3:      overflow_temple_1_default, serial_bayou_lagoon_a, item_on_display_a
D:4:      nicolae_overflow_hidden_temple, nicolae_dithmenos_shadow_blocks
D:5:      minmay_temple_entry_glass, first_ration, vehumet_altar_wand_db
D:6:      kennysheep_little_box, st_stairs_7, eino_small_chamber_without_monster
Temple:   jpeg_temple_alley_garden
